 Dungeon Crawl Stone Soup version 0.25-a0-1133-g93ebf739aa (webtiles) character file.

Game seed: 15785405153223153938, levelgen mode: deterministic

198 Error4North the Shield-Bearer (level 5, -3/47 HPs)
             Began as a Hill Orc Fighter on May 21, 2020.
             Slain by a basilisk (16 damage)
             ... on level 4 of the Dungeon.
             The game lasted 00:07:11 (2913 turns).

Error4North the Shield-Bearer (Hill Orc Fighter)    Turns: 2913, Time: 00:07:12

Health: -3/47      AC:  7    Str: 20    XL:     5   Next: 76%
Magic:  5/5        EV:  7    Int:  8    God:
Gold:   106        SH:  9    Dex: 10    Spells: 4/4 levels left

rFire    . . .     SeeInvis .   a - +0 war axe
rCold    . . .     Gourm    .   c - +0 kite shield
rNeg     . . .     Faith    .   b - +0 scale mail
rPois    +         Spirit   .   (no helmet)
rElec    .         Reflect  .   (no cloak)
rCorr    .         Harm     .   (no gloves)
MR       .....                  (no boots)
Stlth    ..........             (no amulet)
HPRegen  0.15/turn              m - ring of poison resistance
MPRegen  0.09/turn              p - ring of attention (curse)

@: very slightly contaminated, invisible
A: no striking features
a: no special abilities


You were on level 4 of the Dungeon.
You were not hungry.

You visited 1 branch of the dungeon, and saw 4 of its levels.

You collected 106 gold pieces.

Inventory:

Hand Weapons
 a - a +0 war axe (weapon)
Missiles
 s - 8 silver boomerangs (quivered)
Armour
 b - a +0 scale mail (worn)
 c - a +0 kite shield (worn)
Jewellery
 m - a ring of poison resistance (left hand)
 p - a cursed ring of attention (right hand)
Wands
 t - a wand of polymorph (6)
Scrolls
 e - 2 scrolls of remove curse
 g - 2 scrolls of blinking
 j - a scroll of fog {unknown}
 k - 3 scrolls of teleportation {unknown}
 l - a scroll of enchant armour {unknown}
 n - 2 scrolls of identify {unknown}
 r - 2 scrolls of fear {unknown}
Potions
 h - a potion of curing
Comestibles
 f - 7 rations


   Skills:
 * Level 4.5 Fighting
 + Level 4.5 Axes
 * Level 4.3 Armour
 + Level 0.5 Dodging
 + Level 0.2 Stealth
 * Level 4.5 Shields


You had 4 spell levels left.
You didn't know any spells.
Your spell library was empty.

Dungeon Overview and Level Annotations

Branches:
Dungeon (4/15)
 Temple: D:4-7

Altars:
Ashenzari


Message History

The basilisk is heavily wounded.
The basilisk is engulfed in noxious fumes.
The basilisk appears confused.
The basilisk barely misses you.
You barely miss the basilisk.
The basilisk is heavily wounded.
The basilisk is engulfed in noxious fumes.
The basilisk appears confused.
The basilisk bites you.
* * * LOW HITPOINT WARNING * * *
The basilisk is engulfed in noxious fumes.
The basilisk appears confused.
The basilisk closely misses you.
You hit the basilisk.
The basilisk is severely wounded.
The basilisk is engulfed in noxious fumes.
The basilisk appears confused.
The basilisk bites you but does no damage.
You hit the basilisk.
The basilisk is severely wounded.
The basilisk is engulfed in noxious fumes.
The basilisk appears confused.
The basilisk bites you!
You die...

### ##### #...# #...#
####...#### # #.........#
######.........##########+
...............'@l..>.....
.####..........####°).....
.# #..........# .......
.## #..........# .Z.....
..# #..........# ..lO...
#.# #..........# .......
#.# #..........# .......
#'###.########## .......
.....[#


You could see a basilisk (confused).

Vanquished Creatures
  Ijyb (D:4)
  An iguana (D:4)
  An orc wizard (D:3)
  3 adders
  A worm (D:2)
  3 dart slugs
  3 leopard geckos
  10 orcs
  3 giant cockroaches
  10 goblins
  10 hobgoblins
  2 jackals (D:1)
  2 quokkas
  A ball python (D:1)
  7 bats
  2 frilled lizards
  A jackal skeleton (D:4)
  4 kobolds
  10 rats
75 creatures vanquished.

Notes
Turn   | Place    | Note
-------+----------+-------------------------------------------
     0 | D:1      | Error4North the Hill Orc Fighter began the quest for the
                  | Orb.
     0 | D:1      | Reached XP level 1. HP: 19/19 MP: 1/1
    47 | D:1      | Reached XP level 2. HP: 27/27 MP: 2/2
   397 | D:1      | Reached XP level 3. HP: 9/33 MP: 3/3
  1288 | D:2      | Reached XP level 4. HP: 40/40 MP: 4/4
  1790 | D:3      | Found a shattered altar of Ashenzari.
  2237 | D:3      | Reached XP level 5. HP: 45/46 MP: 5/5
  2589 | D:4      | Noticed Ijyb
  2612 | D:4      | Killed Ijyb
  2875 | D:4      | Noticed an ogre
  2895 | D:4      | Noticed a basilisk
  2895 | D:4      | an ogre changed into a basilisk
  2913 | D:4      | Slain by a basilisk

Illustrated notes

Levels and vault maps discovered:
D:1:      ncdulo_halloftheorcs, layout_loops_cross, minmay_box_of_dots
D:2:      layout_basic, kennysheep_pointless_box, minivault_26
D:3:      layout_basic, evilmike_ruin_ashenzari, first_ration
D:4:      layout_basic, minmay_manual_macuahuitl, uniq_crazy_yiuf_cottage,
          uniq_ijyb

Skill      XL: |  1  2  3  4 |
---------------+-------------+-----
Axes           | 3 4 |  4.5
Fighting       | 4 |  4.5
Shields        | 4 |  4.5
Armour         | 4 |  4.3
Dodging        | |  0.5
Stealth        | |  0.2

Action                   |  1- 3 |  4- 6 || total
-------------------------+-------+-------++-------
Melee: War axe           |   129 |   141 ||   270
Evoke: Wand              |       |     2 ||     2
  Use: Scroll            |     2 |       ||     2
       Potion            |       |     4 ||     4
  Eat: Chunk             |     1 |     6 ||     7
Armor: Scale mail        |    60 |    74 ||   134
Dodge: Dodged            |    39 |    43 ||    82
Block: Kite shield       |    64 |    72 ||   136

Table legend:
 A = Non-vault XP
 B = Vault XP
 C = Vault XP percentage of total XP
 D = Non-vault monster count
 E = Vault monster count
 F = Vault count percentage of total count
                 A         B        C        D         E       F
            +---------+---------+-------+---------+---------+-------
      Total |     240 |      43 |  15.2 |      70 |       5 |   6.7
            +---------+---------+-------+---------+---------+-------
        D:1 |      45 |       7 |  13.5 |      24 |       4 |  14.3
        D:2 |      43 |       0 |   0.0 |      18 |       0 |   0.0
        D:3 |      97 |       0 |   0.0 |      23 |       0 |   0.0
        D:4 |      55 |      36 |  39.6 |       5 |       1 |  16.7
            +---------+---------+-------+---------+---------+-------
